 Dungeon Crawl Stone Soup version 0.26-a0-58-g79b31b8662 (webtiles) character file.

Game seed: 5240440849529902971

35 Lanoc the Twirler (level 3, 0/28 HPs)
             Began as a Formicid Gladiator on June 8, 2020.
             Slain by a worm (8 damage)
             ... on level 2 of the Dungeon.
             The game lasted 00:01:29 (1309 turns).

Lanoc the Twirler (Formicid Gladiator)              Turns: 1309, Time: 00:01:30

Health: 0/28       AC:  4    Str: 18    XL:     3   Next: 52%
Magic:  3/3        EV: 13    Int:  7    God:
Gold:   65         SH:  0    Dex: 13    Spells: 2/2 levels left

rFire    . . .     SeeInvis +   a - +0 quarterstaff
rCold    . . .     Gourm    .   (no shield)
rNeg     . . .     Faith    .   b - +0 leather armour
rPois    .         Spirit   .   (helmet unavailable)
rElec    .         Reflect  .   (no cloak)
rCorr    .         Harm     .   f - +0 pair of gloves
MR       .....                  (no boots)
Stlth    +.........             (no amulet)
HPRegen  0.09/turn              (no ring)
MPRegen  0.08/turn              (no ring)

@: no status effects
A: permanent stasis, dig shafts and tunnels, four strong arms, antennae 3
a: Dig, Shaft Self


You were on level 2 of the Dungeon.
You were not hungry.

You visited 1 branch of the dungeon, and saw 2 of its levels.

You collected 65 gold pieces.

Inventory:

Hand Weapons
 a - a +0 quarterstaff (weapon)
Missiles
 c - 4 throwing nets (quivered)
 k - 15 bolts
Armour
 b - a +0 leather armour (worn)
 f - a +0 pair of gloves (worn)
Scrolls
 e - a scroll of blinking {unknown}
 h - 2 scrolls of magic mapping {unknown}
 i - a scroll of remove curse {unknown}
 j - 2 scrolls of enchant weapon {unknown}
 m - a scroll of identify {unknown}
Potions
 l - a potion of curing {unknown}
 n - a potion of might {unknown}
Comestibles
 d - 3 rations


   Skills:
 + Level 2.7 Fighting
 * Level 3.7 Staves
 - Level 2.0 Throwing
 + Level 3.0 Dodging


You had 2 spell levels left.
You didn't know any spells.
Your spell library was empty.

Dungeon Overview and Level Annotations

Branches:
Dungeon (2/15)

Altars:
Makhleb


Innate Abilities, Weirdness & Mutations

You cannot be hasted, slowed, berserked, paralysed or teleported.
You can dig through walls and to a lower floor.
Your four strong arms can wield two-handed weapons with a shield.
You have a pair of large antennae on your head. (SInv)


Message History

You hit the kobold but do no damage.
The kobold is moderately wounded.
The kobold barely misses you.
You hit the kobold.
You kill the kobold!
The worm bites you!
You hit the worm.
The worm is lightly wounded.
You barely miss the worm.
The worm is lightly wounded.
The worm bites you.
You barely miss the worm.
The worm is lightly wounded.
The worm bites you.
* * * LOW HITPOINT WARNING * * *
You thump the worm!
The worm is severely wounded.
A jackal comes into view.
The worm bites you!
You die...

....... .._....
.....%. ..... ....
#..## . #%.# ..# #.#
.. ....###@# ...
......#w######......
....................
..#.#........=....#
............###...# .
..##....#.h.......#..
##....>.>..(......
###.##....#.....
............# .


You could see a worm and a jackal (wandering).

Vanquished Creatures
  An ooze (D:2)
  A dart slug (D:1)
  A leopard gecko (D:1)
  A ball python (D:2)
  2 giant cockroaches (D:1)
  3 goblins (D:1)
  4 hobgoblins
  5 frilled lizards
  6 kobolds
  4 rats (D:1)
28 creatures vanquished.

Notes
Turn   | Place    | Note
-------+----------+-------------------------------------------
     0 | D:1      | Lanoc the Formicid Gladiator began the quest for the Orb.
     0 | D:1      | Reached XP level 1. HP: 16/16 MP: 1/1
   481 | D:1      | Reached XP level 2. HP: 23/23 MP: 2/2
   795 | D:1      | Reached XP level 3. HP: 28/28 MP: 3/3
  1300 | D:2      | Found a burning altar of Makhleb.
  1309 | D:2      | Slain by a worm

Illustrated notes

Levels and vault maps discovered:
D:1:      erik_arrival_cave_to_civilisation [erik_arrival_cave_to_hall],
          layout_basic
D:2:      wander_river, layout_rooms, nicolae_overflow_hidden_temple,
          overflow_temple_1_default, first_ration,
          chequers_ecumenical_altar_simple_redux, serial_bayou_lagoon_b

Skill      XL: |  1  2  3 |
---------------+----------+-----
Dodging        | 3 |  3.0
Fighting       | |  2.7
Staves         | |  3.7
Throwing       | |  2.0

Action                   || total
-------------------------++-------
Melee: Quarterstaff      ||    78
 Stab: Sleeping          ||     2
  Eat: Chunk             ||     1
Armor: Leather armour    ||    15
Dodge: Dodged            ||    34

Table legend:
 A = Non-vault XP
 B = Vault XP
 C = Vault XP percentage of total XP
 D = Non-vault monster count
 E = Vault monster count
 F = Vault count percentage of total count
                 A         B        C        D         E       F
            +---------+---------+-------+---------+---------+-------
      Total |      46 |       4 |   8.0 |      26 |       2 |   7.1
            +---------+---------+-------+---------+---------+-------
        D:1 |      32 |       4 |  11.1 |      21 |       2 |   8.7
        D:2 |      14 |       0 |   0.0 |       5 |       0 |   0.0
            +---------+---------+-------+---------+---------+-------
